 Dungeon Crawl Stone Soup version 0.31-a0-38-g1548c4f2a5 (webtiles) character file.

Game seed: 10789820486271603227

6893 senseless the Ruffian (level 11, -4/75 HPs)
             Began as an Octopode Transmuter on May 16, 2023.
             Was an Initiate of Yredelemnul.
             Slain by a yak (9 damage)
             ... on level 8 of the Dungeon.
             The game lasted 00:35:16 (9755 turns).

senseless the Ruffian (Octopode Transmuter)         Turns: 9755, Time: 00:35:17

Health: -4/75      AC:  1    Str: 20    XL:     11   Next: 6%
Magic:  0/30       EV: 20    Int: 22    God:    Yredelemnul [......]
Gold:   495        SH:  0    Dex: 12    Spells: 16/23 levels left

rFire   . .          .
                       - Unarmed
rCold   . . .        (no shield)
rNeg    . . .        (helmet currently unavailable)
rPois   .            j - amulet of guardian spirit
rElec   .            h - ring of resist corrosion
rCorr   +            o - +6 ring of strength
SInv    .            b - +5 ring of evasion
Will    .....        f - ring of wizardry
Stlth   ++           q - +6 ring of intelligence
HPRegen 0.32/turn    D - ring of flight
MPRegen 0.22/turn    E - ring of magical power
                     (no ring)

%: guardian spirit, wizardry (x1)
@: appendages, wereblooded, flying
A: tentacle spike 3, almost no armour, amphibious, 8 rings, camouflage 1,
gelatinous body 1, (nimble swimmer 1), tentacles
a: End Transformation, Renounce Religion, Recall Undead Harvest


You were on level 8 of the Dungeon.
You worshipped Yredelemnul.
Yredelemnul was noncommittal.
One of your tentacles had grown a beastly spike.
You visited 2 branches of the dungeon, and saw 9 of its levels.
You also visited: Sewer.

You collected 495 gold pieces.

Inventory:

Hand Weapons
 w - a +4 hammer
Missiles
 v - 6 javelins
Jewellery
 b - a +5 ring of evasion (on tentacle)
 f - a ring of wizardry (on tentacle)
 h - a ring of resist corrosion (left tentacle)
 j - an amulet of guardian spirit (around mantle)
 o - a +6 ring of strength (right tentacle)
 q - a +6 ring of intelligence (on tentacle)
 D - a ring of flight (on tentacle)
 E - a ring of magical power (on tentacle)
Wands
 r - a wand of charming (7)
 t - a wand of digging (6)
 z - a wand of flame (16)
Scrolls
 d - 5 scrolls of teleportation
 i - 2 scrolls of blinking
 p - 2 scrolls of poison
 x - 2 scrolls of amnesia
 y - 2 scrolls of identify
 A - a scroll of enchant weapon
 C - 2 scrolls of fear
 F - a scroll of magic mapping
Potions
 a - 5 potions of lignification
 c - 2 potions of might
 e - 2 potions of brilliance
 g - 2 potions of curing
 k - 2 potions of heal wounds
 l - a potion of haste
 m - 2 potions of resistance
 n - a potion of invisibility
 s - 2 potions of cancellation
 u - a potion of flight
 B - 2 potions of attraction


   Skills:
 * Level 7.2 Fighting
 * Level 7.4 Dodging
 * Level 7.7 Unarmed Combat
 * Level 6.9 Spellcasting
 * Level 7.3 Transmutations
 + Level 4.5 Ice Magic


You had 16 spell levels left.
You knew the following spells:

 Your Spells              Type           Power      Damage    Failure   Level
a - Beastly Appendage     Tmut           80%        N/A       1%          1
b - Wereblood             Tmut           40%        N/A       1%          2
c - Ice Form              Ice/Tmut       33%        N/A       2%          4

Your spell library contained the following spells:

 Spells                   Type           Power      Damage    Failure   Level
 Sting                    Tmut/Pois      92%        1d7       1%          1
 Spider Form              Tmut/Pois      23%        N/A       2%          3
 Kiss of Death            Conj/Necr      28%        2d7       3%          1
 Necrotise                Necr           28%        1d5       3%          1
 Cigotuvi's Dreadful Rot  Necr/Pois/Air  14%        N/A       5%          2
 Poisonous Vapours        Pois/Air       14%        N/A       5%          2
 Sublimation of Blood     Necr           7%         N/A       5%          2
 Call Canine Familiar     Summ           7%         N/A       11%         3
 Portal Projectile        Hex/Tloc       14%        N/A       11%         3
 Summon Ice Beast         Ice/Summ       17%        N/A       13%         4
 Dispel Undead            Necr           7%         3d8       32%         4
 Leda's Liquefaction      Hex/Erth       3%         N/A       32%         4
 Olgreb's Toxic Radiance  Pois           7%         N/A       32%         4
 Summon Lightning Spire   Summ/Air       7%         N/A       32%         4
 Borgnjor's Vile Clutch   Necr/Erth      3%         N/A       65%         5
 Summon Mana Viper        Hex/Summ       7%         N/A       65%         5
 Storm Form               Tmut/Air       11%        N/A       99%         7
 Monstrous Menagerie      Summ           3%         N/A       100%        7
 Maxwell's Capacitive Co  Air            3%         ∞         100%        8
 Simulacrum               Ice/Necr       Unusable   N/A       N/A         6
 Death Channel            Necr           Unusable   N/A       N/A         6

Dungeon Overview and Level Annotations

Branches:
Dungeon (8/15)             Temple (1/1) D:4           Sewer (visited)
   Lair: D:8-11

Altars:
Ashenzari
Cheibriados
Dithmenos
Fedhas
Gozag
Hepliaklqana
Kikubaaqudgha
Makhleb
Nemelex Xobeh
Okawaru
Ru
Sif Muna
Trog
Uskayaw
Vehumet
Wu Jian
Xom
Yredelemnul
Zin

Shops:
D:5 [*(   D:6 :


Innate Abilities, Weirdness & Mutations

One of your tentacles has grown a beastly spike.
You cannot wear most types of armour.
You are amphibious.
You can wear up to eight rings at the same time.
Your skin changes colour to match your surroundings (Stealth+).
Your rubbery body absorbs attacks. (AC +1, EV +1)
((You are camouflaged when in or above water. (Stealth+)))
You have tentacles for arms and can constrict up to eight enemies at once.


Message History

The yak gores you! The yak closely misses you.
You bludgeon the yak!
You pierce the yak!
The yak is moderately wounded.
Your tentacle spike disappears.
The yak gores you!
* * * LOW HITPOINT WARNING * * *
The yak closely misses you. The yak completely misses you.
You bludgeon the yak!
You feel a bit better.
You kill the yak!
You howl as the wereblood boils in your veins!
The yak misses you. The yak gores you!
* * * LOW HITPOINT WARNING * * *
You closely miss the yak. The yak closely misses you.
The yak snorts and paws the ground.
The yak gores you.
* * * LOW HITPOINT WARNING * * *
The yak closely misses you.
You tentacle-slap the yak.
The yak is lightly wounded.
You howl as the wereblood boils in your veins!
The yak completely misses you. The yak misses you. The yak closely misses you.
You tentacle-slap the yak.
Your tentacle-slap misses the yak.
You squeeze the yak!
The yak is heavily wounded.
You howl as the wereblood boils in your veins!
You barely miss the yak.
The yak is heavily wounded.
The yak completely misses you. The yak misses you.
The yak completely misses you.
Casting: Wereblood (safe; 1% risk of failure)
Confirm with . or Enter, or press ? or * to list all spells.
One of your tentacles grows a vicious spike.
The yak barely misses you. The yak gores you!
* * * LOW HITPOINT WARNING * * *
The yak misses you.
You bludgeon the yak!
You pierce the yak, but do no damage.
The yak is severely wounded.
The yak barely misses you. The yak closely misses you. The yak gores you!
You die...
Your body rises from the dead as a mindless zombie.

#### .. ..##### ... ....... ##
#.# #.#.#.# .....# #.#.#.#
#.##.#####.#Y#.###.# #
#..#.#......@Y.....#
#.##..#.#.###.#Y#.#####
##.#.............#.# ......#.
.....>.#Z#.#.#.##... .........
.......#.#.#.#.# ....# #.#....#.
......Z#Z#.#.#.##....#.##.#....#.
#####.Z#Z#.#.#...................
......ZZ............##.##.#......
#####........Z...................


You could see 3 yaks.

Vanquished Creatures
  Grinder (D:5)
  3 yaks (D:8)
  2 vampire mosquitoes (D:8)
  Menkaure (D:6)
  2 water moccasins (D:7)
  An acid dragon (D:8)
  2 sky beasts
  A black bear (D:6)
  3 centaurs
  A lemure (D:6)
  8 ogres
  A phantom (D:5)
  2 kobold brigands
  5 bullfrogs
  2 gnoll sergeants (D:8)
  3 wights (D:8)
  11 killer bees (D:8)
  An electric eel (D:8)
  3 howler monkeys
  Crazy Yiuf (D:5)
  2 gnoll boudas
  2 hounds (D:8)
  2 orc priests
  4 sleepcaps
  Ijyb (D:5)
  An iguana (D:4)
  4 orc wizards
  10 gnolls
  6 adders
  2 shadow imps
  A white imp (D:7)
  A worm (D:4)
  2 dart slugs
  25 orcs
  9 ball pythons
  5 bats
  16 endoplasms
  8 giant cockroaches
  10 goblins
  4 hobgoblins
  5 quokkas
  16 frilled lizards
  9 kobolds
  4 rats
203 creatures vanquished.

Vanquished Creatures (collateral kills)
  Pikel (D:6)
  Maggie (D:8)
  A hornet (D:8)
  2 vampire mosquitoes (D:8)
  A water moccasin (D:7)
  2 orc warriors (D:8)
  An ice beast (D:7)
  2 lemures (D:6)
  A kobold brigand (D:8)
  A gnoll sergeant (D:8)
  4 wights (D:8)
  A killer bee (D:8)
  An electric eel (D:8)
  An orc priest (D:8)
  3 orc wizards (D:8)
  4 gnolls (D:8)
  An ufetubus (D:7)
  5 orcs
33 creatures vanquished.

Vanquished Creatures (others)
  A hornet zombie (D:8)
  2 vampire mosquito zombies (D:8)
  2 water moccasin zombies (D:7)
  A yak zombie (D:8)
  A bullfrog zombie (D:6)
  8 killer bee zombies (D:8)
  3 ogre zombies (D:8)
  A sky beast zombie (D:8)
  A hound zombie (D:8)
  2 howler monkey zombies
  6 gnoll zombies (D:8)
  3 kobold zombies
  9 orc zombies
40 creatures vanquished.

Grand Total: 276 creatures vanquished

Notes
Turn   | Place    | Note
-------+----------+-------------------------------------------
     0 | D:1      | senseless the Octopode Transmuter began the quest for the
                  | Orb.
     0 | D:1      | Reached XP level 1. HP: 13/13 MP: 3/3
   180 | D:1      | Reached XP level 2. HP: 15/18 MP: 3/5
   637 | D:2      | Reached XP level 3. HP: 13/23 MP: 4/6
  1427 | D:2      | Identified a scroll of acquirement
  1427 | D:2      | Acquired a +5 ring of evasion
  1530 | D:3      | Reached XP level 4. HP: 14/29 MP: 5/7
  1651 | D:3      | Found a radiant altar of Vehumet.
  1656 | D:3      | Found an ancient bone altar of Kikubaaqudgha.
  1657 | D:3      | Found a shimmering blue altar of Sif Muna.
  1663 | D:3      | Got Kikubaaqudgha's Guidebook on Maleficent Magic
  1668 | D:3      | Found a faded altar of an unknown god.
  1710 | D:3      | Prayed at the altar of an unknown god.
  1710 | D:3      | Became a worshipper of Kikubaaqudgha
  1710 | D:3      | Reached * piety under Kikubaaqudgha
  1710 | D:3      | Received a gift from Kikubaaqudgha
  2516 | D:4      | Learned a level 2 spell: Wereblood
  2521 | D:4      | Learned a level 4 spell: Ice Form
  2534 | D:4      | Reached XP level 5. HP: 26/34 MP: 7/9
  2565 | D:4      | Found a staircase to the Ecumenical Temple.
  2581 | Temple   | Entered the Ecumenical Temple
  2710 | D:4      | Reached ** piety under Kikubaaqudgha
  2756 | D:4      | Found an opulent altar of Gozag.
  2937 | D:4      | Noticed an ogre
  2944 | D:4      | Killed an ogre
  2945 | D:4      | Reached XP level 6. HP: 35/41 MP: 8/10
  3000 | D:4      | Found a glowing drain.
  3005 | Sewer    | Entered a sewer
  3242 | Sewer    | Reached skill level 1 in Ice Magic
  3369 | D:4      | Reached XP level 7. HP: 46/46 MP: 12/12
  3391 | D:4      | Reached *** piety under Kikubaaqudgha
  3391 | D:4      | Received a gift from Kikubaaqudgha
  3616 | D:5      | Entered Level 5 of the Dungeon
  3709 | D:5      | Noticed Ijyb
  3721 | D:5      | Killed Ijyb
  3760 | D:5      | Noticed Grinder
  3771 | D:5      | Killed Grinder
  3830 | D:5      | Found Hauxzeo's General Store.
  3864 | D:5      | Found Dooh's Weapon Shoppe.
  3945 | D:5      | Found Paerghida's Antique Armour Emporium.
  3963 | D:5      | Found a shadowy altar of Dithmenos.
  4218 | D:5      | Found a runed translucent door.
  4219 | D:5      | Noticed Crazy Yiuf
  4462 | D:5      | Killed Crazy Yiuf
  4574 | D:6      | Reached XP level 8. HP: 54/54 MP: 9/13
  4870 | D:6      | Reached skill level 5 in Unarmed Combat
  5017 | D:6      | Found a basalt altar of Yredelemnul.
  5032 | D:6      | Fell from the grace of Kikubaaqudgha
  5032 | D:6      | Became a worshipper of Yredelemnul the Dark
  5318 | D:6      | You fall into a shaft and drop 1 floor!
  5593 | D:7      | Reached * piety under Yredelemnul
  5694 | D:7      | Found a sacrificial altar of Ru.
  5815 | D:7      | Reached ** piety under Yredelemnul
  5816 | D:7      | Reached skill level 5 in Transmutations
  5826 | D:7      | HP: 1/54 [ice beast (9)]
  5839 | D:7      | Reached skill level 5 in Dodging
  5839 | D:7      | Reached XP level 9. HP: 5/59 MP: 3/16
  5863 | D:7      | HP: 1/59 [centaur (3)]
  6120 | D:7      | Reached skill level 5 in Spellcasting
  6244 | D:6      | Found Fyrownea's Book Emporium.
  6250 | D:6      | Reached skill level 5 in Fighting
  6390 | D:6      | Noticed Pikel
  6407 | D:6      | Killed Pikel
  6780 | D:6      | Noticed Menkaure
  6786 | D:6      | Killed Menkaure
  6897 | D:6      | Found a bloodstained altar of Trog.
  7202 | D:7      | Found a sparkling altar of Nemelex Xobeh.
  7306 | D:7      | Found a hazy altar of Hepliaklqana.
  8214 | D:8      | Reached XP level 10. HP: 17/68 MP: 6/18
  8613 | D:8      | Found a hide-covered altar of Uskayaw.
  8622 | D:8      | Noticed Maggie
  8633 | D:8      | Killed Maggie
  8665 | D:8      | Reached *** piety under Yredelemnul
  9010 | D:8      | Reached **** piety under Yredelemnul
  9069 | D:8      | Reached ***** piety under Yredelemnul
  9205 | D:8      | Was forgiven by Kikubaaqudgha
  9668 | D:8      | Reached XP level 11. HP: 62/75 MP: 21/21
  9755 | D:8      | Slain by a yak

Illustrated notes

Levels and vault maps discovered:
D:1:      roderic_chinese_lattice_arrival, layout_rooms, st_stairs_14,
          dreamdust_wishing_well, minmay_pentomino_t4
D:2:      layout_loops_cross, lightli_corner_chamber
D:3:      layout_basic, grunt_temple_overflow_magic_moments,
          basic_ecumenical_altar
D:4:      layout_rooms, grunt_gozag_statues, minmay_temple_entry_nine_rooms,
          gup_sewer_entry_pipe
D:5:      layout_cave_pools, grunt_dithmenos_shadows, serial_shops,
          nicolae_inconvenience_store, kennysheep_mini, shop, uniq_ijyb,
          uniq_grinder, uniq_crazy_yiuf_cottage
D:6:      layout_cave_pods, mainiacjoe_overflow_alcove_1, lemuel_tele_altar,
          serial_shops, nicolae_shop_tiny_statue_garden, uniq_pikel,
          uniq_menkaure
D:7:      layout_basic, worldfamousw_hep_ancestral_shrine,
          mainiacjoe_overflow_brackets, nemelex_altar_shiori,
          minmay_increasing_density
D:8:      lemuel_castle_with_subvaults [lemuel_castle_interior_carwin_1],
          layout_basic, general_overflow_altar, nicolae_kite_square_tiling_tiny,
          uniq_maggie
Temple:   hellmonk_temple_of_storms

Skill      XL: |  1  2  3  4  5  6  7  8  9 10 |
---------------+-------------------------------+-----
Fighting       | 2 3 4 6 7 |  7.2
Dodging        | 3 4 5 6 7 |  7.4
Transmutations | 3 4 5 6 7 |  7.3
Spellcasting   | 3 4 5 6 |  6.9
Unarmed Combat | 4 5 6 7 |  7.7
Ice Magic      | 1 2 3 4 |  4.5

Action                     |  1- 3 |  4- 6 |  7- 9 | 10-12 || total
---------------------------+-------+-------+-------+-------++-------
  Melee: Unarmed           |    58 |   123 |   198 |   142 ||   521
         Kick              |    18 |    32 |    87 |    44 ||   181
         Constrict         |    14 |    25 |    50 |    32 ||   121
         Tentacles         |     8 |    19 |    60 |    40 ||   127
         Punch             |     1 |     1 |     9 |     7 ||    18
  Throw: Javelin           |       |       |     1 |       ||     1
   Cast: Beastly Appendage |    26 |    39 |    35 |    17 ||   117
         Wereblood         |       |       |    13 |     6 ||    19
         Ice Form          |       |       |     1 |       ||     1
 Invoke: Recall Undead Har |       |       |       |     1 ||     1
    Use: Scroll            |    11 |     3 |     7 |       ||    21
         Potion            |       |     1 |     4 |       ||     5
   Stab: Sleeping          |     8 |    14 |     3 |       ||    25
         Distracted        |       |       |     1 |       ||     1
 Armour: Skin              |     5 |     9 |    11 |     1 ||    26
  Dodge: Dodged            |    27 |    76 |   195 |   109 ||   407

Table legend: (Time is in decaauts)
 A = Elapsed time spent in this place.
 B = Non-inter-level travel time spent in this place.
 C = Inter-level travel time spent in this place.
 D = Time resting spent in this place.
 E = Time spent auto-exploring this place.
 F = Levels seen in this place.
 G = Mean time per level.
                   A        B        C        D        E       F      G
               +--------+--------+--------+--------+--------+-----+--------+
         Total |   9685 |   9197 |    488 |    613 |   6888 |  10 |  968.5 |
       Dungeon |   9311 |   8831 |    480 |    611 |   6694 |   8 | 1163.9 |
        Temple |     76 |     68 |      8 |      0 |     58 |   1 |   76.0 |
         Sewer |    296 |    296 |      0 |      2 |    136 |   1 |  296.0 |
               +--------+--------+--------+--------+--------+-----+--------+

Top non-repeatable levels by time:
     D:7: 1924 daAuts
     D:6: 1605 daAuts
     D:8: 1590 daAuts
     D:3: 1004 daAuts
     D:5: 916 daAuts
     D:4: 834 daAuts
     D:2: 730 daAuts
     D:1: 704 daAuts
   Sewer: 296 daAuts
  Temple: 76 daAuts
